AoeStats
← MatzeAoE

Black Forest

505739778Analyzed
1v1 RM · 21d ago on Sep 10, 2026· 44m 22s· 2 players
Game mode
Random Map
Map size
Tiny (2 player)
Population
200
Speed
Normal
Resources
Standard
Victory
Conquest
Starting age
Dark Age
Ending age
Imperial Age
RankedLock teamsTeams togetherTeam positionsShared explorationLock speedFull tech treeHidden civsTurbo modeCheats
Victory
Defeat
🇧🇷 Muisca · Brazil
2116
+18
🇩🇪 Teutons · Germany
2157
-18
Old Time
4:38 Loom
11:15 Feudal Age
11:46 Double-Bit Axe
13:38 Wheelbarrow
14:48 Champi Runner
26:56 Castle Age
24:48 Horse Collar
25:50 Gold Mining
27:21 Fletching
28:11 Bow Saw
28:19 Bodkin Arrow
34:42 Imperial Age
32:43 Sanctity
33:09 Fervor
34:07 Gold Shaft Mining
33:59 Redemption
34:45 Atonement
35:35 Bracer
36:18 Block Printing
36:49 Padded Archer Armor
38:29 Chemistry
38:54 Onager
40:35 Ballistics
41:27 Leather Archer Armor
MatzeAoE
2:04 Loom
19:40 Feudal Age
21:44 Horse Collar
21:53 Double-Bit Axe
23:06 Wheelbarrow
27:53 Castle Age
27:28 Town Watch
28:51 Bow Saw
29:49 Fortified Wall
32:34 Town Patrol
33:41 Hand Cart
40:12 Imperial Age
40:33 Atonement
41:16 Block Printing
40:58 Gold Mining
40:40 Onager
43:26 Siege Onager
Connection lost

Rejoining the realm…

Still unreachable

The connection could not be restored.

Session expired

The server has moved on; the page needs a fresh start.